 Dungeon Crawl Stone Soup version 0.28.0-43-g3370ac3207 (webtiles) character file.

Game seed: 180131046770472172

471 tomatow the Cudgeller (level 6, 0/50 HPs)
             Began as a Palentonga Gladiator on Mar 9, 2022.
             Slain by a kobold brigand
             ... wielding a +0 dagger
              (1 damage)
             ... in a sewer.
             The game lasted 00:12:20 (4094 turns).

tomatow the Cudgeller (Palentonga Gladiator)        Turns: 4094, Time: 00:12:22

Health: 0/50       AC:  8    Str: 20    XL:     6   Next: 83%
Magic:  6/6        EV: 10    Int:  8    God:
Gold:   147        SH:  0    Dex: 11    Spells: 5/5 levels left

rFire   . . .      SeeInvis +   i - +0 scythe
rCold   . . .      Faith    .   (shield currently unavailable)
rNeg    . . .      Spirit   .   b - +0 leather armour
rPois   .          Reflect  .   c - +0 helmet
rElec   .          Harm     .   (no cloak)
rCorr   .          Rampage  .   j - +1 pair of gloves
Will    .....                   (no barding)
Stlth   +.........              (no amulet)
HPRegen 0.16/turn               (no ring)
MPRegen 0.10/turn               (no ring)

@: very slow
A: large, rugged brown scales 3, see invisible, deformed body, roll 1, armoured
tail
a: Rolling Charge


You were in a sewer.
You visited 1 branch of the dungeon, and saw 4 of its levels.
You also visited: Sewer.

You collected 147 gold pieces.

Inventory:

Hand Weapons
 a - a +0 flail
 i - a +0 scythe (weapon)
Missiles
 d - 2 throwing nets (quivered)
Armour
 b - a +0 leather armour (worn)
 c - a +0 helmet (worn)
 e - a +0 helmet
 f - a +0 pair of gloves
 j - a +1 pair of gloves (worn)
Scrolls
 k - a scroll of noise {unknown}
 m - 2 scrolls of identify {unknown}
 n - a scroll of magic mapping
Potions
 g - a potion of resistance {unknown}


   Skills:
 * Level 3.2 Fighting
 - Level 4.5 Maces & Flails
 + Level 1.4 Polearms
 + Level 1.6 Throwing
 + Level 2.2 Armour
 + Level 3.7 Dodging
 * Level 1.5 Stealth


You had 5 spell levels left.
You didn't know any spells.
Your spell library was empty.

Dungeon Overview and Level Annotations

Branches:
Dungeon (4/15)              Sewer (1/1)
 Temple: D:4-7

Altars:
Elyvilon


Innate Abilities, Weirdness & Mutations

You are completely covered in rugged brown scales. (AC +3, +7% HP)
You have supernaturally acute eyesight. (SInv)
Armour fits poorly on your strangely shaped body.
You can roll at nearby foes to attack.
You have a long armoured tail.


Message History

* * * LOW HITPOINT WARNING * * *
You feel extremely sick.
The kobold brigand throws a poisoned dart.
The poisoned dart hits you!
You are more poisoned.
* * * LOW HITPOINT WARNING * * *
You feel extremely sick.
You feel better.
You completely miss the kobold brigand.
Your tail-slap misses the kobold brigand.
The kobold brigand is moderately wounded.
You hit the kobold.
You kill the kobold!
You hear a splash. x2
The kobold brigand closely misses you.
The kobold brigand hits you but does no damage.
The kobold brigand splashes around in the water.
Things that are here:
a +0 short sword; 6 poisoned darts; a kobold corpse The kobold brigand throws a poisoned dart.
The poisoned dart hits you!
You are poisoned.
You slash the kobold brigand!
The kobold brigand is heavily wounded.
You feel very sick.
The kobold brigand hits you with a +0 dagger.
* * * LOW HITPOINT WARNING * * *
You miss the kobold brigand. You tail-slap the kobold brigand.
The kobold brigand is severely wounded.
* * * LOW HITPOINT WARNING * * *
You feel sick.
The kobold brigand hits you but does no damage.
The kobold brigand splashes around in the water.
You hit the kobold brigand.
The kobold brigand is severely wounded.
* * * LOW HITPOINT WARNING * * *
You feel sick.
You are no longer poisoned.
The kobold brigand hits you with a +0 dagger.
You die...

#......#≈≈≈≈P......##
#......#≈≈†≈≈≈......#
#......#≈≈≈≈≈K......#
#......#≈≈)#≈≈P....##
#....≈≈#≈≈≈#KKK....#
##...≈≈#≈≈≈#K......#
##...≈≈≈≈≈≈#.......#
#....≈≈≈≈≈≈#.......#
###...P#≈≈@#.......#
#....#≈≈K#P....###
##''##≈≈≈##''###
#...)#≈≈≈#....
#..).#≈≈≈#....#
#..∩.#≈≈≈#!∩..#
#....#≈≈≈#!!..#
######≈≈≈######
#...'≈≈≈#


You could see a kobold brigand.

Vanquished Creatures
  Sigmund (D:2)
  A kobold brigand (Sewer)
  A centaur skeleton (D:4)
  An orc wizard (D:4)
  An adder (D:2)
  3 gnolls (D:2)
  A worm (D:2)
  3 dart slugs
  An orc (D:4)
  7 ball pythons
  6 bats
  5 endoplasms
  8 giant cockroaches
  5 goblins
  5 hobgoblins
  2 jackals (D:2)
  17 kobolds
  4 quokkas
  6 frilled lizards
  8 rats
86 creatures vanquished.

Vanquished Creatures (collateral kills)
  A hound (D:4)
  An orc wizard (D:4)
  An orc (D:4)
3 creatures vanquished.

Vanquished Creatures (others)
  7 plants (Sewer)
7 creatures vanquished.

Grand Total: 96 creatures vanquished

Notes
Turn   | Place    | Note
-------+----------+-------------------------------------------
     0 | D:1      | tomatow the Palentonga Gladiator began the quest for the
                  | Orb.
     0 | D:1      | Reached XP level 1. HP: 17/17 MP: 1/1
   159 | D:1      | Reached XP level 2. HP: 20/23 MP: 2/2
   973 | D:2      | Reached XP level 3. HP: 12/28 MP: 3/3
  1470 | D:2      | Found a white marble altar of Elyvilon.
  1480 | D:2      | Reached skill level 1 in Armour
  1480 | D:2      | Reached XP level 4. HP: 25/36 MP: 4/4
  1802 | D:2      | Noticed Sigmund
  1834 | D:2      | Killed Sigmund
  1835 | D:2      | Reached skill level 4 in Maces & Flails
  1835 | D:2      | Reached skill level 1 in Stealth
  1835 | D:2      | Reached XP level 5. HP: 13/42 MP: 5/5
  2644 | D:3      | Found a faded altar of an unknown god.
  3138 | D:4      | Reached XP level 6. HP: 45/49 MP: 6/6
  3225 | D:4      | Reached skill level 1 in Polearms
  3481 | D:4      | Found a glowing drain.
  3505 | Sewer    | Entered a sewer
  4094 | Sewer    | HP: 1/50 [poisoned by a kobold brigand]
  4094 | Sewer    | Slain by a kobold brigand

Illustrated notes

Levels and vault maps discovered:
D:1:      dpeg_arrival_round_c, layout_rooms
D:2:      layout_basic, kennysheep_flooded_box, corexii_hall_statues_l,
          kennysheep_generic_room_14, uniq_sigmund
D:3:      layout_basic, shapermc_ecumenical_altar_notcrosses
D:4:      layout_basic, serial_shops, nicolae_shop_behind_doors,
          gup_sewer_entry_pipe, nicolae_zen_rock_garden,
          small_statue_intersection
Sewer:    kennysheep_pipe_town

Skill      XL: |  1  2  3  4  5  6 |
---------------+-------------------+-----
Armour         | 1 2 |  2.2
Maces & Flails | 4 |  4.5
Dodging        | 3 |  3.7
Stealth        | 1 |  1.5
Fighting       | 3 |  3.2
Polearms       | 1 |  1.4
Throwing       | |  1.6

Action                   |  1- 3 |  4- 6 || total
-------------------------+-------+-------++-------
Melee: Flail             |    85 |    35 ||   120
       Tailslap          |    10 |    24 ||    34
       Punch             |     2 |       ||     2
       Scythe            |       |   199 ||   199
Throw: Throwing net      |       |     1 ||     1
  Use: Scroll            |       |     4 ||     4
       Potion            |       |     6 ||     6
 Stab: Sleeping          |     1 |     1 ||     2
       Held in net/web   |       |     1 ||     1
Armor: Leather armour    |    41 |   198 ||   239
Dodge: Dodged            |    65 |   207 ||   272
